 Dungeon Crawl Stone Soup version 0.29.1-14-g9c671dbff4 (webtiles) character file.

Game seed: 7054077815569537344

151 xaos the Shooter (level 5, 0/32 HPs)
             Began as a Kobold Hunter on Aug 30, 2022.
             Was an Initiate of Kikubaaqudgha.
             Succumbed to an adder's poison
             ... on level 3 of the Dungeon on Feb 17, 2023.
             The game lasted 00:24:08 (5093 turns).

xaos the Shooter (Kobold Hunter)                    Turns: 5093, Time: 00:24:09

Health: 0/32       AC:  5    Str: 14    XL:     5   Next: 59%
Magic:  5/5        EV: 14    Int: 11    God:    Kikubaaqudgha [......]
Gold:   152        SH:  0    Dex: 20    Spells: 4/4 levels left

rFire   . . .      SeeInvis .   a - +0 shortbow
rCold   . . .      Faith    .   (shield currently unavailable)
rNeg    . . .      Spirit   .   d - +0 ring mail
rPois   .          Reflect  .   c - +0 hat
rElec   .          Harm     .   (no cloak)
rCorr   .          Rampage  .   (no gloves)
Will    .....                   (no boots)
Stlth   +++.......              (no amulet)
HPRegen 0.10/turn               o - +6 ring of strength
MPRegen 0.09/turn               (no ring)

@: lethally poisoned (0 -> -1)
A: small, no large weapons, nightstalker 3
a: Renounce Religion


You were on level 3 of the Dungeon.
You worshipped Kikubaaqudgha.
Kikubaaqudgha was noncommittal.
You visited 1 branch of the dungeon, and saw 3 of its levels.

You collected 152 gold pieces.

Inventory:

Hand Weapons
 a - a +0 shortbow (weapon)
 e - a +0 dagger
 k - a +0 flail
Armour
 c - a +0 hat (worn)
 d - a +0 ring mail (worn)
Jewellery
 o - a +6 ring of strength (left hand)
Wands
 p - a wand of polymorph (4)
Scrolls
 b - 2 scrolls of immolation
 f - a scroll of teleportation {unknown}
 g - a scroll of magic mapping {unknown}
 h - 4 scrolls of identify {unknown}
 m - a scroll of fog {unknown}
Potions
 i - a potion of degeneration {unknown}
 j - a potion of resistance {unknown}
 l - 2 potions of curing
 n - a potion of lignification {unknown}
 q - 2 potions of brilliance {unknown}
 r - a potion of might {unknown}


   Skills:
 + Level 2.8 Fighting
 + Level 7.3 Ranged Weapons
 + Level 1.5 Armour
 + Level 2.9 Dodging
 + Level 1.6 Stealth
 + Level 0.2 Unarmed Combat


You had 4 spell levels left.
You didn't know any spells.
Your spell library was empty.

Dungeon Overview and Level Annotations

Branches:
Dungeon (3/15)

Altars:
Kikubaaqudgha


Innate Abilities, Weirdness & Mutations

You are small and have problems with some larger weapons.
You are completely attuned to the shadows.


Message History

You feel sick. The adder bites you. x2
Fire: a) +0 shortbow
Press: ? - help, Q - select action, (/) - cycle Shift-Dir - straight line, f/p - adder
Aim: an adder (severely wounded, 51% to hit)
You shoot an arrow. The arrow closely misses the adder.
You feel sick. The adder bites you but does no damage.
Fire: a) +0 shortbow
Press: ? - help, Q - select action, (/) - cycle Shift-Dir - straight line, f/p - adder
Aim: an adder (severely wounded, 51% to hit)
You shoot an arrow. The arrow closely misses the adder.
You feel sick. The adder misses you. The adder bites you.
Fire: a) +0 shortbow
Press: ? - help, Q - select action, (/) - cycle Shift-Dir - straight line, f/p - adder
Aim: an adder (severely wounded, 51% to hit)
You shoot an arrow. The arrow closely misses the adder.
You feel sick. The adder bites you but does no damage.
You feel sick.
You are no longer poisoned.
The adder closely misses you. x2
You see here a bat corpse.
The adder bites you.
* * * LOW HITPOINT WARNING * * *
You are lethally poisoned!
The adder poisons you! The adder attacks as you move away!
The adder barely misses you.
* * * LOW HITPOINT WARNING * * *
You feel sick.
* * * LOW HITPOINT WARNING * * *
You feel sick.
* * * LOW HITPOINT WARNING * * *
You feel sick. The adder bites you but does no damage.
* * * LOW HITPOINT WARNING * * *
You feel sick. The adder attacks as you move away! The adder misses you.
* * * LOW HITPOINT WARNING * * *
You feel sick.
* * * LOW HITPOINT WARNING * * *
You feel sick.
You die...
Kikubaaqudgha rasps: "You have failed me!
Welcome... death!"

.........# .........# .........#
.........# .........# ##
........######.. ...<..#
.........##..... ......#
.♣♣.~♣.†.....####### ###.....###
.♣♣~~♣♣.......S.@..####.###.....#
♣♣♣~~♣...#########..............#
♣♣~~♣♣.♣.# ####....##.##...
♣♣~.P♣♣♣♣♣ #...##..#..####
P~~~.PP♣ #.#####........
~~.~~~~.~ ##.#.......##...
♣♣~~~~PPP .###....####.## ...
♣♣♣~~♣♣♣♣ ......######.####..
♣♣~P♣ ###..###..#.......


You could see an adder.

Vanquished Creatures
  Ijyb (D:3)
  4 adders
  2 worms
  2 dart slugs (D:1)
  5 orcs
  4 ball pythons (D:2)
  10 bats
  10 endoplasms
  3 giant cockroaches
  4 goblins
  7 hobgoblins
  2 quokkas
  3 frilled lizards
  4 kobolds
  9 rats
70 creatures vanquished.

Vanquished Creatures (others)
  2 plants (D:3)
2 creatures vanquished.

Grand Total: 72 creatures vanquished

Notes
Turn   | Place    | Note
-------+----------+-------------------------------------------
     0 | D:1      | xaos the Kobold Hunter began the quest for the Orb.
     0 | D:1      | Reached XP level 1. HP: 12/12 MP: 1/1
     1 | D:1      | Upgraded the game from 0.29.0-7-g18a832c13a to
                  | 0.29.1-2-gbd0b4ee654
   247 | D:1      | Reached XP level 2. HP: 17/17 MP: 2/2
   313 | D:1      | Reached skill level 6 in Ranged Weapons
   719 | D:1      | Reached XP level 3. HP: 22/22 MP: 3/3
  2408 | D:2      | Upgraded the game from 0.29.1-2-gbd0b4ee654 to
                  | 0.29.1-4-g47bece8355
  2438 | D:2      | Reached skill level 1 in Armour
  2438 | D:2      | Reached XP level 4. HP: 12/27 MP: 4/4
  2699 | D:2      | Upgraded the game from 0.29.1-4-g47bece8355 to
                  | 0.29.1-12-g30fa7ad0bf
  3793 | D:2      | Found an ancient bone altar of Kikubaaqudgha.
  3810 | D:2      | Became a worshipper of Kikubaaqudgha
  4518 | D:3      | Reached XP level 5. HP: 31/31 MP: 5/5
  4547 | D:3      | Noticed Ijyb
  4551 | D:3      | Reached skill level 7 in Ranged Weapons
  4579 | D:3      | Killed Ijyb
  4586 | D:3      | Upgraded the game from 0.29.1-12-g30fa7ad0bf to
                  | 0.29.1-13-g9f3cf754e1
  4609 | D:3      | Upgraded the game from 0.29.1-13-g9f3cf754e1 to
                  | 0.29.1-14-g9c671dbff4
  5092 | D:3      | HP: 1/32 [poisoned by an adder]
  5093 | D:3      | Succumbed to an adder's poison

Illustrated notes

Levels and vault maps discovered:
D:1:      sevenhm_arrival_forest_fort_large_4, layout_loops_corners
D:2:      layout_rooms, basic_altar
D:3:      layout_rooms, hellmonk_ecumenical_altar_arch_garden,
          serial_bayou_crossing, uniq_ijyb

Skill      XL: |  1  2  3  4  5 |
---------------+----------------+-----
Ranged Weapons | 6 7 |  7.3
Armour         | 1 |  1.5
Fighting       | |  2.8
Dodging        | |  2.9
Stealth        | |  1.6
Unarmed Combat | |  0.2

Action                   |  1- 3 |  4- 6 || total
-------------------------+-------+-------++-------
Melee: Unarmed           |       |    22 ||    22
 Fire: Shortbow          |    84 |    88 ||   172
Armor: Ring mail         |    26 |    24 ||    50
Dodge: Dodged            |    57 |    71 ||   128
